Blues vs Stars

Created - April 17, 2024 at 21:55

Goals
1 2 3 T
Blues 1 0 1 2
Stars 1 3 0 4
Shots
1 2 3 T
Blues 10 8 5 23
Stars 5 15 12 32

1st period

1. Stars , Steven Stamkos 20 (Jeff Skinner 30, Aaron Ekblad 48) at 4:10
2. Blues , Brandon Hagel 26 (Mario Ferraro 24, Andrew Cogliano 7) at 13:41

Penalties :
No Penalty

2nd period

3. Stars , Jeff Skinner 26 (Aaron Ekblad 49) at 10:59
4. Stars , Jesper Bratt 24 (Mark Friedman 8) at 14:16
5. Stars , Mark Scheifele 25 (Mark Friedman 9) at 15:28

Penalties :
Mario Ferraro (STL) for Slashing (Minor) at 2:56, Mark Scheifele (DAL) for Butt-ending (Major / Game Misconduct) at 16:03

3rd period

6. Blues , Andrew Cogliano 10 (Teddy Blueger 17) at 6:29

Penalties :
Alexander Alexeyev (STL) for Hooking (Minor) at 10:17, Brett Pesce (DAL) for Roughing (Minor) at 12:41

Goalie Stats

Tristan Jarry (STL), 28 saves from 32 shots - (0.875), L, 39-28-3, 60:00 minutes
Igor Shesterkin (DAL), 21 saves from 23 shots - (0.913), W, 29-9-1, 60:00 minutes

Players Stats for Blues

Player Name              G  A  P  +/- PIM S  H  SB GA TA FO     MP     PP MP  PK MP  
------------------------------------------------------------------------------------
Alexander Alexeyev       0  0  0   0  2   0  3  1  0  0  0/0    16:25   0:00   0:39 
Anders Lee               0  0  0   0  0   2  1  0  0  0  0/0    18:36   3:23   0:53 
Andrew Cogliano          1  1  2  -1  0   2  0  1  0  0  0/0    15:56   0:29   2:19 
Brandon Hagel            1  0  1  -1  0   1  1  0  0  0  1/3    18:30   4:21   1:01 
Cole Guttman             0  0  0  -1  0   0  0  0  0  0  6/11    9:03   0:00   0:00 
Darren Helm              0  0  0  -1  0   0  0  0  0  0  0/1     9:32   0:29   0:00 
Derek Forbort            0  0  0  -2  0   2  2  1  0  0  0/0    19:34   0:00   1:48 
Eetu Luostarinen         0  0  0  -1  0   0  0  0  0  0  2/5    11:14   0:00   2:11 
Filip Forsberg           0  0  0   0  0   3  2  0  0  0  0/0    16:08   3:35   0:00 
Gustav Forsling          0  0  0   0  0   0  0  1  0  0  0/0    21:46   2:37   1:52 
Jake Guentzel            0  0  0   0  0   4  1  0  0  0  0/0    18:41   4:21   0:00 
Logan Couture            0  0  0   0  0   2  0  0  0  0  11/20  17:43   3:23   0:00 
Mario Ferraro            0  1  1   0  2   2  4  1  0  0  0/0    19:10   2:37   1:03 
Nic Dowd                 0  0  0   0  0   3  1  0  0  0  11/16  15:39   3:06   0:00 
Noah Dobson              0  0  0   0  0   0  0  1  0  0  0/0    20:58   4:21   1:52 
Sean Walker              0  0  0  -2  0   1  0  0  0  0  0/0    17:44   0:00   0:42 
Teddy Blueger            0  1  1  -1  0   0  1  0  0  0  11/18  13:54   0:00   0:46 
Tyler Motte              0  0  0   0  0   1  0  0  0  0  0/0    15:27   2:08   0:46 

Players Stats for Stars

Player Name              G  A  P  +/- PIM S  H  SB GA TA FO     MP     PP MP  PK MP  
------------------------------------------------------------------------------------
Aaron Ekblad             0  2  2   2  0   0  2  1  0  0  0/0    21:56   2:29   0:10 
Brett Pesce              0  0  0   0  2   1  0  2  0  0  0/0    19:11   0:40   2:39 
Cam Fowler               0  0  0   2  0   1  0  1  0  0  0/0    23:19   0:00   4:24 
Dmitry Orlov             0  0  0   0  0   0  0  2  0  0  0/0    19:04   0:39   4:09 
Elias Lindholm           0  0  0   1  0   0  3  0  0  0  9/21   17:43   2:01   3:57 
Jaden Schwartz           0  0  0  -1  0   3  1  0  0  0  0/0    13:35   2:01   0:00 
Jeff Skinner             1  1  2   3  0   4  0  0  0  0  1/2    14:18   1:57   0:00 
Jesper Bratt             1  0  1   0  0   7  1  0  0  0  0/7    17:41   1:24   0:00 
Jimmy Vesey              0  0  0  -1  0   2  1  0  0  0  0/1    17:42   0:00   3:44 
Mark Friedman            0  2  2   0  0   2  2  0  0  0  0/0    15:31   0:00   0:00 
Mark Scheifele           1  0  1   3  15  3  2  0  0  0  11/19  14:51   1:20   0:00 
Michael Amadio           0  0  0  -1  0   1  1  0  0  0  0/2    16:02   1:27   2:27 
Neal Pionk               0  0  0   0  0   1  2  1  0  0  0/0    18:14   1:24   2:34 
Nicholas Paul            0  0  0  -1  0   0  0  0  0  0  8/15   18:04   0:34   2:42 
Shawn Element            0  0  0   0  0   0  0  0  0  0  0/0     0:17   0:00   0:00 
Steven Stamkos           1  0  1   3  0   5  0  0  0  0  1/2    14:18   1:57   0:00 
Tyler Toffoli            0  0  0   1  0   1  1  0  0  0  2/4    16:10   1:57   0:00 
Vinnie Hinostroza        0  0  0  -1  0   1  0  0  0  0  0/1    15:04   0:00   1:06 

3 Stars

1 - Jeff Skinner (DAL)
2 - Aaron Ekblad (DAL)
3 - Steven Stamkos (DAL)

Power Play

Blues - 0 on 2 Attempt(s) - 0.00%
Stars - 0 on 2 Attempt(s) - 0.00%

Penalty Kill

Blues - 2 on 2 Attempt(s) - 100.00% - Score 0 goal in Penalty Kill
Stars - 2 on 2 Attempt(s) - 100.00% - Score 0 goal in Penalty Kill

Team Stat

Blues - Hits : 16 - Faceoff Wins : 42 - Blocked Shots : 6 - Penalty Minutes : 4
Stars - Hits : 16 - Faceoff Wins : 32 - Blocked Shots : 7 - Penalty Minutes : 17

Official

Referees : Jordan Samuels and Francis Charron
Linesman : Ryan Gibbons and Mitchell Hunt

Game Notes

Mark Scheifele (DAL) for Butt-ending (Major / Game Misconduct) at 16:03
Mark Scheifele ejected from game at 16:03 of 2nd period

Finance

Level 1 -- Attendance: 6000 (100.00%) -- Ticket Income $510,000
Level 2 -- Attendance: 5000 (100.00%) -- Ticket Income $225,000
Level 3 -- Attendance: 2000 (100.00%) -- Ticket Income $80,000
Level 4 -- Attendance: 4000 (100.00%) -- Ticket Income $140,000
Luxury Box -- Attendance: 1000 (100.00%) -- Ticket Income $100,000
Game was played at the American Airlines Center.
Total Attendance: 18000 (100.00%)
Total Ticket Income: $1,055,000
Other Income: $516,950
Total Income: $1,571,950

Blues

5 vs 5 Forward 
   Center                   Left Wing                Right Wing               Time % Phy DF OF 
 1 Logan Couture            Anders Lee               Jake Guentzel            30     1   2  2  
 2 Nic Dowd                 Filip Forsberg           Tyler Motte              28     1   2  2  
 3 Teddy Blueger            Brandon Hagel            Andrew Cogliano          25     1   2  2  
 4 Cole Guttman             Eetu Luostarinen         Darren Helm              17     1   2  2  

5 vs 5 Defense 
   Defense                  Defense                                           Time % Phy DF OF 
 1 Gustav Forsling          Alexander Alexeyev                                34     1   2  2  
 2 Sean Walker              Derek Forbort                                     33     1   2  2  
 3 Noah Dobson              Mario Ferraro                                     32     1   2  2  
 4 Gustav Forsling          Derek Forbort                                     1      1   2  2  

PowerPlay Forward 
   Center                   Left Wing                Right Wing               Time % Phy DF OF 
 1 Logan Couture            Anders Lee               Jake Guentzel            60     1   2  2  
 2 Nic Dowd                 Filip Forsberg           Jake Guentzel            40     1   2  2  

PowerPlay Defense
   Defense                  Defense                                           Time % Phy DF OF 
 1 Brandon Hagel            Noah Dobson                                       60     1   2  2  
 2 Brandon Hagel            Noah Dobson                                       40     1   2  2  

Penalty Kill 4 Players Forward 
   Center                   Wing                     Time % Phy DF OF 
 1 Eetu Luostarinen         Andrew Cogliano          60     1   2  2  
 2 Teddy Blueger            Tyler Motte              40     1   2  2  

Penalty Kill 4 Players Defense
   Defense                  Defense                  Time % Phy DF OF 
 1 Gustav Forsling          Mario Ferraro            60     1   2  2  
 2 Alexander Alexeyev       Derek Forbort            40     1   2  2  

Penalty Kill - 3 Players Forward 
   Forward                                           Time % Phy DF OF 
 1 Tyler Motte                                       60     1   2  2  
 2 Teddy Blueger                                     40     1   2  2  

Penalty Kill - 3 Players Defense
   Defense                  Defense                  Time % Phy DF OF 
 1 Noah Dobson              Alexander Alexeyev       60     1   2  2  
 2 Gustav Forsling          Derek Forbort            40     1   2  2  

4 vs 4 Forward 
   Center                   Wing                     Time % Phy DF OF 
 1 Logan Couture            Jake Guentzel            60     1   2  2  
 2 Anders Lee               Filip Forsberg           40     1   2  2  

4 vs 4 Defense
   Defense                  Defense                  Time % Phy DF OF 
 1 Mario Ferraro            Noah Dobson              60     1   2  2  
 2 Alexander Alexeyev       Derek Forbort            40     1   2  2  

Last Minutes Offensive
   Center                   Left Wing                Right Wing               Defense                  Defense                  
   Logan Couture            Filip Forsberg           Jake Guentzel            Anders Lee               Noah Dobson              

Last Minutes Defensive
   Center                   Left Wing                Right Wing               Defense                  Defense                  
   Nic Dowd                 Teddy Blueger            Tyler Motte              Derek Forbort            Mario Ferraro            

Goaltenders
Starting : Tristan Jarry            
Backup : Alex Lyon                

Extra Forwards
Normal : Nic Dowd, Anders Lee, Brandon Hagel - PP : Nic Dowd, Anders Lee - PK : Brandon Hagel
Extra Defensemen
Normal : Noah Dobson, Mario Ferraro, Derek Forbort - PP : Noah Dobson - PK : Mario Ferraro, Derek Forbort
Penalty Shots
Andrew Cogliano, Logan Couture, Jake Guentzel, Darren Helm, Filip Forsberg
Custom OT Lines Forwards
Andrew Cogliano, Logan Couture, Jake Guentzel, Filip Forsberg, Nic Dowd, Anders Lee, Brandon Hagel, Tyler Motte, Eetu Luostarinen, Teddy Blueger
Custom OT Lines Defensemen
Mario Ferraro, Alexander Alexeyev, Gustav Forsling, Derek Forbort, Noah Dobson

Scratches
Alex Green (Healthy)

Stars

5 vs 5 Forward 
   Center                   Left Wing                Right Wing               Time % Phy DF OF 
 1 Mark Scheifele           Jeff Skinner             Steven Stamkos           25     0   4  1  
 2 Elias Lindholm           Jesper Bratt             Tyler Toffoli            25     0   4  1  
 3 Nicholas Paul            Jimmy Vesey              Vinnie Hinostroza        25     0   4  1  
 4 Mark Scheifele           Jaden Schwartz           Michael Amadio           25     0   4  1  

5 vs 5 Defense 
   Defense                  Defense                                           Time % Phy DF OF 
 1 Aaron Ekblad             Cam Fowler                                        25     0   4  1  
 2 Dmitry Orlov             Neal Pionk                                        25     0   4  1  
 3 Brett Pesce              Mark Friedman                                     25     0   4  1  
 4 Aaron Ekblad             Cam Fowler                                        25     0   4  1  

PowerPlay Forward 
   Center                   Left Wing                Right Wing               Time % Phy DF OF 
 1 Steven Stamkos           Jeff Skinner             Tyler Toffoli            60     0   0  5  
 2 Elias Lindholm           Michael Amadio           Jaden Schwartz           40     0   0  5  

PowerPlay Defense
   Defense                  Defense                                           Time % Phy DF OF 
 1 Mark Scheifele           Aaron Ekblad                                      60     0   0  5  
 2 Jesper Bratt             Neal Pionk                                        40     0   0  5  

Penalty Kill 4 Players Forward 
   Center                   Wing                     Time % Phy DF OF 
 1 Elias Lindholm           Jimmy Vesey              60     0   5  0  
 2 Nicholas Paul            Mark Scheifele           40     0   5  0  

Penalty Kill 4 Players Defense
   Defense                  Defense                  Time % Phy DF OF 
 1 Brett Pesce              Cam Fowler               60     0   5  0  
 2 Dmitry Orlov             Neal Pionk               40     0   5  0  

Penalty Kill - 3 Players Forward 
   Forward                                           Time % Phy DF OF 
 1 Elias Lindholm                                    60     0   5  0  
 2 Jimmy Vesey                                       40     0   5  0  

Penalty Kill - 3 Players Defense
   Defense                  Defense                  Time % Phy DF OF 
 1 Brett Pesce              Cam Fowler               60     0   5  0  
 2 Dmitry Orlov             Neal Pionk               40     0   5  0  

4 vs 4 Forward 
   Center                   Wing                     Time % Phy DF OF 
 1 Steven Stamkos           Elias Lindholm           60     0   4  1  
 2 Mark Scheifele           Jeff Skinner             40     0   4  1  

4 vs 4 Defense
   Defense                  Defense                  Time % Phy DF OF 
 1 Aaron Ekblad             Cam Fowler               60     0   4  1  
 2 Dmitry Orlov             Neal Pionk               40     0   4  1  

Last Minutes Offensive
   Center                   Left Wing                Right Wing               Defense                  Defense                  
   Steven Stamkos           Jeff Skinner             Tyler Toffoli            Mark Scheifele           Elias Lindholm           

Last Minutes Defensive
   Center                   Left Wing                Right Wing               Defense                  Defense                  
   Elias Lindholm           Jimmy Vesey              Nicholas Paul            Aaron Ekblad             Cam Fowler               

Goaltenders
Starting : Igor Shesterkin          
Backup : Zachary Fucale           

Extra Forwards
Normal : Jesper Bratt, Tyler Toffoli, Elias Lindholm - PP : Jaden Schwartz, Nicholas Paul - PK : Michael Amadio
Extra Defensemen
Normal : Brett Pesce, Aaron Ekblad, Dmitry Orlov - PP : Brett Pesce - PK : Cam Fowler, Dmitry Orlov
Penalty Shots
Brett Pesce, Elias Lindholm, Neal Pionk, Mark Scheifele, Jimmy Vesey
Custom OT Lines Forwards
Steven Stamkos, Elias Lindholm, Mark Scheifele, Jeff Skinner, Tyler Toffoli, Jesper Bratt, Jaden Schwartz, Nicholas Paul, Jimmy Vesey, Michael Amadio
Custom OT Lines Defensemen
Aaron Ekblad, Cam Fowler, Dmitry Orlov, Neal Pionk, Brett Pesce

Scratches
None


% Time on Ice - Blues

Lines # - Real PCT - Wanted PCT - Time Play
Normal Forward
1 - 29% - 30% - 14:20
2 - 26% - 28% - 12:33
3 - 27% - 25% - 13:08
4 - 18% - 17% - 9:03
Normal Defense
1 - 32% - 34% - 15:47
2 - 35% - 33% - 17:02
3 - 32% - 32% - 15:31
4 - 1% - 1% - 0:44
PP Forward
1 - 49% - 60% - 3:23
2 - 51% - 40% - 3:35
PP Defense
1 - 100% - 60% - 6:58
2 - 0% - 40% - 0:00
PK Forward
1 - 81% - 60% - 3:12
2 - 19% - 40% - 0:46
PK Defense
1 - 51% - 60% - 2:01
2 - 49% - 40% - 1:57
PK3 Forward
1 - 0% - 60%
2 - 0% - 40%
PK3 Defense
1 - 0% - 60%
2 - 0% - 40%
44 Forward
1 - 0% - 60%
2 - 0% - 40%
44 Defense
1 - 0% - 60%
2 - 0% - 40%
Last Minute Offensive  - 0:00
Last Minute Defensive  - 0:00
Total
Forward - 60:00
Defense - 60:00

% Time on Ice - Stars

Lines # - Real PCT - Wanted PCT - Time Play
Normal Forward
1 - 25% - 25% - 12:21
2 - 23% - 25% - 11:11
3 - 28% - 25% - 13:58
4 - 24% - 25% - 11:34
Normal Defense
1 - 20% - 25% - 9:52
2 - 29% - 25% - 14:16
3 - 32% - 25% - 15:31
4 - 19% - 25% - 9:25
PP Forward
1 - 49% - 60% - 1:57
2 - 51% - 40% - 2:01
PP Defense
1 - 65% - 60% - 2:34
2 - 35% - 40% - 1:24
PK Forward
1 - 61% - 60% - 4:16
2 - 39% - 40% - 2:42
PK Defense
1 - 66% - 60% - 4:34
2 - 34% - 40% - 2:24
PK3 Forward
1 - 0% - 60%
2 - 0% - 40%
PK3 Defense
1 - 0% - 60%
2 - 0% - 40%
44 Forward
1 - 0% - 60%
2 - 0% - 40%
44 Defense
1 - 0% - 60%
2 - 0% - 40%
Last Minute Offensive  - 0:00
Last Minute Defensive  - 0:00
Total
Forward - 60:00
Defense - 60:00

Play-by-Play

1st period


0:01 of 1st period - Mark Scheifele wins face-off versus Logan Couture in neutral zone.
0:01 of 1st period - Aaron Ekblad is hit by Jake Guentzel and loses puck.
0:09 of 1st period - Off-side.
0:10 of 1st period - Tyler Toffoli wins face-off versus Nic Dowd in neutral zone.
0:31 of 1st period - Elias Lindholm is hit by Filip Forsberg and loses puck.
0:36 of 1st period - Shot by Tyler Motte.
0:36 of 1st period - Shot Misses the Net.
0:38 of 1st period - Shot by Filip Forsberg.
0:38 of 1st period - Shot Misses the Net.
0:40 of 1st period - Shot by Derek Forbort.
0:40 of 1st period - Shot Misses the Net.
0:42 of 1st period - Shot by Tyler Motte.
0:42 of 1st period - Shot Blocked by Dmitry Orlov.
1:07 of 1st period - Off-side.
1:08 of 1st period - Mark Scheifele wins face-off versus Cole Guttman in neutral zone.
1:13 of 1st period - Eetu Luostarinen is hit by Jaden Schwartz and loses puck.
1:28 of 1st period - Shot by Cole Guttman.
1:28 of 1st period - Shot Misses the Net.
2:07 of 1st period - Shot by Logan Couture.
2:07 of 1st period - Deflect By Jake Guentzel.
2:07 of 1st period - Shot Misses the Net.
2:48 of 1st period - Teddy Blueger is hit by Mark Friedman and loses puck.
3:01 of 1st period - Shot by Derek Forbort.
3:01 of 1st period - Stopped by Igor Shesterkin without a rebound.
3:02 of 1st period - Nic Dowd wins face-off versus Elias Lindholm in Stars zone.
3:03 of 1st period - Shot by Filip Forsberg.
3:03 of 1st period - Shot Misses the Net.
3:21 of 1st period - Shot by Filip Forsberg.
3:21 of 1st period - Shot Misses the Net.
3:23 of 1st period - Shot by Filip Forsberg.
3:23 of 1st period - Shot Misses the Net.
3:25 of 1st period - Shot by Nic Dowd.
3:25 of 1st period - Shot Misses the Net.
3:35 of 1st period - Shot by Jesper Bratt.
3:35 of 1st period - Shot Blocked by Alexander Alexeyev.
3:56 of 1st period - Icing by Aaron Ekblad.
3:57 of 1st period - Teddy Blueger wins face-off versus Mark Scheifele in Stars zone.
4:08 of 1st period - Shot by Jeff Skinner.
4:08 of 1st period - Shot Blocked by Noah Dobson.
4:10 of 1st period - Shot by Steven Stamkos.
4:10 of 1st period - Goal by Steven Stamkos - Blues : 0 - Stars : 1.
4:11 of 1st period - Logan Couture wins face-off versus Mark Scheifele in neutral zone.
4:18 of 1st period - Shot by Anders Lee.
4:18 of 1st period - Stopped by Igor Shesterkin without a rebound.
4:19 of 1st period - Logan Couture wins face-off versus Mark Scheifele in Stars zone.
4:22 of 1st period - Shot by Logan Couture.
4:22 of 1st period - Shot Blocked by Cam Fowler.
4:53 of 1st period - Shot by Jake Guentzel.
4:53 of 1st period - Stopped by Igor Shesterkin without a rebound.
4:54 of 1st period - Nicholas Paul wins face-off versus Brandon Hagel in Stars zone.
5:28 of 1st period - Shot by Sean Walker.
5:28 of 1st period - Stopped by Igor Shesterkin without a rebound.
5:29 of 1st period - Mark Scheifele wins face-off versus Eetu Luostarinen in Stars zone.
5:34 of 1st period - Gustav Forsling is hit by Mark Scheifele.
5:39 of 1st period - Icing by Michael Amadio.
5:40 of 1st period - Mark Scheifele wins face-off versus Logan Couture in Stars zone.
6:22 of 1st period - Shot by Jake Guentzel.
6:22 of 1st period - Shot Misses the Net.
6:57 of 1st period - Shot by Elias Lindholm.
6:57 of 1st period - Shot Blocked by Derek Forbort.
6:59 of 1st period - Shot by Tyler Toffoli.
6:59 of 1st period - Deflect By Jesper Bratt.
6:59 of 1st period - Stopped by Tristan Jarry with a rebound.
7:33 of 1st period - Icing by Derek Forbort.
7:34 of 1st period - Nicholas Paul wins face-off versus Cole Guttman in Blues zone.
7:43 of 1st period - Shot by Nicholas Paul.
7:43 of 1st period - Shot Misses the Net.
7:45 of 1st period - Shot by Jimmy Vesey.
7:45 of 1st period - Stopped by Tristan Jarry without a rebound.
7:46 of 1st period - Nic Dowd wins face-off versus Vinnie Hinostroza in Blues zone.
7:46 of 1st period - Gustav Forsling is hit by Jimmy Vesey and loses puck.
8:05 of 1st period - Shot by Tyler Motte.
8:05 of 1st period - Shot Misses the Net.
8:09 of 1st period - Shot by Filip Forsberg.
8:09 of 1st period - Stopped by Igor Shesterkin with a rebound.
8:11 of 1st period - Shot by Nic Dowd.
8:11 of 1st period - Stopped by Igor Shesterkin without a rebound.
8:12 of 1st period - Mark Scheifele wins face-off versus Teddy Blueger in Stars zone.
8:34 of 1st period - Jeff Skinner is hit by Mario Ferraro and loses puck.
9:05 of 1st period - Icing by Mario Ferraro.
9:06 of 1st period - Nicholas Paul wins face-off versus Brandon Hagel in Blues zone.
9:43 of 1st period - Shot by Mark Friedman.
9:43 of 1st period - Stopped by Tristan Jarry with a rebound.
9:56 of 1st period - Alexander Alexeyev is hit by Elias Lindholm.
10:22 of 1st period - Icing by Tyler Toffoli.
10:23 of 1st period - Elias Lindholm wins face-off versus Logan Couture in Stars zone.
10:23 of 1st period - Elias Lindholm is hit by Anders Lee.
10:53 of 1st period - Shot by Jake Guentzel.
10:53 of 1st period - Shot Misses the Net.
11:09 of 1st period - Shot by Jeff Skinner.
11:09 of 1st period - Shot Hit the Post.
11:21 of 1st period - Shot by Steven Stamkos.
11:21 of 1st period - Shot Misses the Net.
12:42 of 1st period - Neal Pionk is hit by Derek Forbort and loses puck.
13:31 of 1st period - Shot by Nic Dowd.
13:31 of 1st period - Stopped by Igor Shesterkin without a rebound.
13:32 of 1st period - Teddy Blueger wins face-off versus Nicholas Paul in Stars zone.
13:35 of 1st period - Shot by Mario Ferraro.
13:35 of 1st period - Shot Hit the Post.
13:37 of 1st period - Shot by Brandon Hagel.
13:37 of 1st period - Shot Blocked by Brett Pesce.
13:41 of 1st period - Shot by Brandon Hagel.
13:41 of 1st period - Goal by Brandon Hagel - Blues : 1 - Stars : 1.
13:42 of 1st period - Cole Guttman wins face-off versus Elias Lindholm in neutral zone.
14:13 of 1st period - Shot by Noah Dobson.
14:13 of 1st period - Shot Misses the Net.
14:24 of 1st period - Tyler Toffoli is hit by Mario Ferraro and loses puck.
14:34 of 1st period - Off-side.
14:35 of 1st period - Nicholas Paul wins face-off versus Teddy Blueger in neutral zone.
15:04 of 1st period - Shot by Nicholas Paul.
15:04 of 1st period - Shot Misses the Net.
15:06 of 1st period - Shot by Jimmy Vesey.
15:06 of 1st period - Shot Misses the Net.
16:02 of 1st period - Steven Stamkos is hit by Mario Ferraro and loses puck.
16:16 of 1st period - Neal Pionk is hit by Mario Ferraro and loses puck.
16:34 of 1st period - Aaron Ekblad is hit by Filip Forsberg and loses puck.
16:39 of 1st period - Tyler Motte is hit by Jesper Bratt and loses puck.
16:54 of 1st period - Shot by Cam Fowler.
16:54 of 1st period - Shot Misses the Net.
18:35 of 1st period - Shot by Steven Stamkos.
18:35 of 1st period - Stopped by Tristan Jarry without a rebound.
18:36 of 1st period - Logan Couture wins face-off versus Tyler Toffoli in Blues zone.
18:45 of 1st period - Shot by Derek Forbort.
18:45 of 1st period - Stopped by Igor Shesterkin without a rebound.
18:46 of 1st period - Cole Guttman wins face-off versus Mark Scheifele in Stars zone.
18:54 of 1st period - Off-side.
18:55 of 1st period - Elias Lindholm wins face-off versus Logan Couture in neutral zone.
19:14 of 1st period - Shot by Jake Guentzel.
19:14 of 1st period - Shot Blocked by Neal Pionk.
19:16 of 1st period - Shot by Logan Couture.
19:16 of 1st period - Stopped by Igor Shesterkin without a rebound.
19:17 of 1st period - Mark Scheifele wins face-off versus Cole Guttman in Stars zone.
19:33 of 1st period - Icing by Alexander Alexeyev.
19:34 of 1st period - Cole Guttman wins face-off versus Jimmy Vesey in Blues zone.
Goals for this period are 1 for Blues vs 1 for Stars.
Shots for this period are 10 for Blues vs 5 for Stars.

2nd period


0:01 of 2nd period - Logan Couture wins face-off versus Mark Scheifele in neutral zone.
0:16 of 2nd period - Shot by Mark Scheifele.
0:16 of 2nd period - Stopped by Tristan Jarry with a rebound.
0:18 of 2nd period - Shot by Steven Stamkos.
0:18 of 2nd period - Stopped by Tristan Jarry with a rebound.
0:26 of 2nd period - Shot by Jeff Skinner.
0:26 of 2nd period - Stopped by Tristan Jarry without a rebound.
0:27 of 2nd period - Teddy Blueger wins face-off versus Elias Lindholm in Blues zone.
0:32 of 2nd period - Tyler Toffoli is hit by Teddy Blueger and loses puck.
0:38 of 2nd period - Off-side.
0:39 of 2nd period - Nic Dowd wins face-off versus Mark Scheifele in neutral zone.
0:49 of 2nd period - Nic Dowd is hit by Aaron Ekblad and loses puck.
0:56 of 2nd period - Shot by Nic Dowd.
0:56 of 2nd period - Shot Misses the Net.
1:14 of 2nd period - Shot by Mario Ferraro.
1:14 of 2nd period - Stopped by Igor Shesterkin without a rebound.
1:15 of 2nd period - Teddy Blueger wins face-off versus Nicholas Paul in Stars zone.
1:25 of 2nd period - Off-side.
1:26 of 2nd period - Logan Couture wins face-off versus Elias Lindholm in neutral zone.
1:28 of 2nd period - Derek Forbort is hit by Neal Pionk and loses puck.
2:16 of 2nd period - Icing by Tyler Toffoli.
2:17 of 2nd period - Teddy Blueger wins face-off versus Elias Lindholm in Stars zone.
2:35 of 2nd period - Shot by Brandon Hagel.
2:35 of 2nd period - Deflect By Andrew Cogliano.
2:35 of 2nd period - Stopped by Igor Shesterkin without a rebound.
2:36 of 2nd period - Nic Dowd wins face-off versus Mark Scheifele in Stars zone.
2:39 of 2nd period - Shot by Tyler Motte.
2:39 of 2nd period - Stopped by Igor Shesterkin with a rebound.
2:56 of 2nd period - Minor Penalty to Mario Ferraro for Slashing.
2:57 of 2nd period - Eetu Luostarinen wins face-off versus Michael Amadio in Blues zone.
2:57 of 2nd period - Alexander Alexeyev is hit by Elias Lindholm and loses puck.
3:21 of 2nd period - Shot by Mark Scheifele.
3:21 of 2nd period - Shot Misses the Net.
3:23 of 2nd period - Shot by Michael Amadio.
3:23 of 2nd period - Stopped by Tristan Jarry without a rebound.
3:24 of 2nd period - Steven Stamkos wins face-off versus Eetu Luostarinen in Blues zone.
3:37 of 2nd period - Shot by Jesper Bratt.
3:37 of 2nd period - Stopped by Tristan Jarry without a rebound.
3:38 of 2nd period - Eetu Luostarinen wins face-off versus Tyler Toffoli in Blues zone.
3:38 of 2nd period - Eetu Luostarinen is hit by Tyler Toffoli.
5:00 of 2nd period - Shot by Nicholas Paul.
5:00 of 2nd period - Shot Misses the Net.
5:24 of 2nd period - Shot by Jimmy Vesey.
5:24 of 2nd period - Stopped by Tristan Jarry with a rebound.
6:14 of 2nd period - Shot by Logan Couture.
6:14 of 2nd period - Shot Misses the Net.
6:55 of 2nd period - Darren Helm is hit by Neal Pionk and loses puck.
7:49 of 2nd period - Mario Ferraro is hit by Aaron Ekblad and loses puck.
8:25 of 2nd period - Nicholas Paul is hit by Derek Forbort and loses puck.
9:27 of 2nd period - Icing by Mario Ferraro.
9:28 of 2nd period - Logan Couture wins face-off versus Nicholas Paul in Blues zone.
10:32 of 2nd period - Shot by Jesper Bratt.
10:32 of 2nd period - Stopped by Tristan Jarry without a rebound.
10:33 of 2nd period - Jeff Skinner wins face-off versus Nic Dowd in Blues zone.
10:41 of 2nd period - Off-side.
10:42 of 2nd period - Mark Scheifele wins face-off versus Cole Guttman in neutral zone.
10:59 of 2nd period - Shot by Jeff Skinner.
10:59 of 2nd period - Goal by Jeff Skinner - Blues : 1 - Stars : 2.
11:00 of 2nd period - Mark Scheifele wins face-off versus Logan Couture in neutral zone.
11:31 of 2nd period - Shot by Anders Lee.
11:31 of 2nd period - Stopped by Igor Shesterkin without a rebound.
11:32 of 2nd period - Teddy Blueger wins face-off versus Nicholas Paul in Stars zone.
13:01 of 2nd period - Shot by Jesper Bratt.
13:01 of 2nd period - Stopped by Tristan Jarry with a rebound.
13:03 of 2nd period - Shot by Elias Lindholm.
13:03 of 2nd period - Shot Misses the Net.
13:07 of 2nd period - Shot by Jesper Bratt.
13:07 of 2nd period - Stopped by Tristan Jarry with a rebound.
13:09 of 2nd period - Shot by Tyler Toffoli.
13:09 of 2nd period - Deflect By Jesper Bratt.
13:09 of 2nd period - Stopped by Tristan Jarry without a rebound.
13:10 of 2nd period - Logan Couture wins face-off versus Mark Scheifele in Blues zone.
13:10 of 2nd period - Logan Couture is hit by Mark Scheifele.
13:35 of 2nd period - Shot by Jake Guentzel.
13:35 of 2nd period - Stopped by Igor Shesterkin with a rebound.
13:37 of 2nd period - Shot by Gustav Forsling.
13:37 of 2nd period - Shot Misses the Net.
13:48 of 2nd period - Mark Scheifele is hit by Alexander Alexeyev and loses puck.
13:58 of 2nd period - Off-side.
13:59 of 2nd period - Teddy Blueger wins face-off versus Elias Lindholm in neutral zone.
14:04 of 2nd period - Shot by Andrew Cogliano.
14:04 of 2nd period - Shot Blocked by Brett Pesce.
14:16 of 2nd period - Shot by Jesper Bratt.
14:16 of 2nd period - Goal by Jesper Bratt - Blues : 1 - Stars : 3.
14:17 of 2nd period - Nicholas Paul wins face-off versus Cole Guttman in neutral zone.
14:52 of 2nd period - Shot by Darren Helm.
14:52 of 2nd period - Shot Blocked by Aaron Ekblad.
14:57 of 2nd period - Off-side.
14:58 of 2nd period - Mark Scheifele wins face-off versus Teddy Blueger in neutral zone.
14:58 of 2nd period - Mark Scheifele is hit by Brandon Hagel.
15:04 of 2nd period - Shot by Jeff Skinner.
15:04 of 2nd period - Stopped by Tristan Jarry without a rebound.
15:05 of 2nd period - Mark Scheifele wins face-off versus Teddy Blueger in Blues zone.
15:07 of 2nd period - Jeff Skinner is hit by Alexander Alexeyev and loses puck.
15:14 of 2nd period - Shot by Mark Scheifele.
15:14 of 2nd period - Stopped by Tristan Jarry with a rebound.
15:28 of 2nd period - Shot by Mark Scheifele.
15:28 of 2nd period - Goal by Mark Scheifele - Blues : 1 - Stars : 4.
15:29 of 2nd period - Elias Lindholm wins face-off versus Logan Couture in neutral zone.
15:32 of 2nd period - Logan Couture is hit by Elias Lindholm and loses puck.
15:38 of 2nd period - Icing by Sean Walker.
15:39 of 2nd period - Mark Scheifele wins face-off versus Logan Couture in Blues zone.
16:03 of 2nd period - Major / Game Misconduct Penalty to Mark Scheifele for Butt-ending.
16:03 of 2nd period - Mark Scheifele is ejected from game.
16:04 of 2nd period - Nic Dowd wins face-off versus Elias Lindholm in Stars zone.
16:21 of 2nd period - Shot by Filip Forsberg.
16:21 of 2nd period - Stopped by Igor Shesterkin with a rebound.
16:28 of 2nd period - Icing by Nic Dowd.
16:29 of 2nd period - Nic Dowd wins face-off versus Elias Lindholm in Blues zone.
17:28 of 2nd period - Shot by Mario Ferraro.
17:28 of 2nd period - Deflect By Logan Couture.
17:28 of 2nd period - Stopped by Igor Shesterkin without a rebound.
17:29 of 2nd period - Elias Lindholm wins face-off versus Logan Couture in Stars zone.
18:22 of 2nd period - Shot by Mario Ferraro.
18:22 of 2nd period - Stopped by Igor Shesterkin without a rebound.
18:23 of 2nd period - Nic Dowd wins face-off versus Elias Lindholm in Stars zone.
19:45 of 2nd period - Icing by Gustav Forsling.
19:46 of 2nd period - Elias Lindholm wins face-off versus Darren Helm in Blues zone.
Goals for this period are 0 for Blues vs 3 for Stars.
Shots for this period are 8 for Blues vs 15 for Stars.

3rd period


0:01 of 3rd period - Logan Couture wins face-off versus Elias Lindholm in neutral zone.
0:28 of 3rd period - Shot by Jake Guentzel.
0:28 of 3rd period - Stopped by Igor Shesterkin without a rebound.
0:29 of 3rd period - Elias Lindholm wins face-off versus Nic Dowd in Stars zone.
1:05 of 3rd period - Icing by Nicholas Paul.
1:06 of 3rd period - Cole Guttman wins face-off versus Jesper Bratt in Stars zone.
1:30 of 3rd period - Icing by Aaron Ekblad.
1:31 of 3rd period - Nic Dowd wins face-off versus Jesper Bratt in Stars zone.
2:15 of 3rd period - Off-side.
2:16 of 3rd period - Teddy Blueger wins face-off versus Nicholas Paul in neutral zone.
2:27 of 3rd period - Shot by Gustav Forsling.
2:27 of 3rd period - Shot Misses the Net.
2:33 of 3rd period - Shot by Jimmy Vesey.
2:33 of 3rd period - Shot Blocked by Gustav Forsling.
2:35 of 3rd period - Shot by Neal Pionk.
2:35 of 3rd period - Stopped by Tristan Jarry without a rebound.
2:36 of 3rd period - Logan Couture wins face-off versus Jesper Bratt in Blues zone.
2:43 of 3rd period - Shot by Jesper Bratt.
2:43 of 3rd period - Shot Misses the Net.
2:45 of 3rd period - Shot by Jesper Bratt.
2:45 of 3rd period - Shot Blocked by Mario Ferraro.
2:47 of 3rd period - Shot by Jesper Bratt.
2:47 of 3rd period - Deflect By Jaden Schwartz.
2:47 of 3rd period - Stopped by Tristan Jarry with a rebound.
2:49 of 3rd period - Shot by Brett Pesce.
2:49 of 3rd period - Stopped by Tristan Jarry without a rebound.
2:50 of 3rd period - Teddy Blueger wins face-off versus Jesper Bratt in Blues zone.
3:07 of 3rd period - Icing by Aaron Ekblad.
3:08 of 3rd period - Logan Couture wins face-off versus Jesper Bratt in Stars zone.
3:30 of 3rd period - Shot by Jesper Bratt.
3:30 of 3rd period - Shot Misses the Net.
3:32 of 3rd period - Shot by Cam Fowler.
3:32 of 3rd period - Stopped by Tristan Jarry with a rebound.
3:34 of 3rd period - Shot by Jeff Skinner.
3:34 of 3rd period - Shot Misses the Net.
3:52 of 3rd period - Shot by Tyler Toffoli.
3:52 of 3rd period - Shot Misses the Net.
4:32 of 3rd period - Shot by Vinnie Hinostroza.
4:32 of 3rd period - Stopped by Tristan Jarry without a rebound.
4:33 of 3rd period - Nicholas Paul wins face-off versus Nic Dowd in Blues zone.
4:53 of 3rd period - Shot by Filip Forsberg.
4:53 of 3rd period - Shot Misses the Net.
5:31 of 3rd period - Shot by Steven Stamkos.
5:31 of 3rd period - Shot Misses the Net.
5:37 of 3rd period - Shot by Steven Stamkos.
5:37 of 3rd period - Stopped by Tristan Jarry without a rebound.
5:38 of 3rd period - Cole Guttman wins face-off versus Michael Amadio in Blues zone.
5:53 of 3rd period - Eetu Luostarinen is hit by Mark Friedman and loses puck.
6:27 of 3rd period - Shot by Teddy Blueger.
6:27 of 3rd period - Shot Misses the Net.
6:29 of 3rd period - Shot by Andrew Cogliano.
6:29 of 3rd period - Goal by Andrew Cogliano - Blues : 2 - Stars : 4.
6:30 of 3rd period - Nic Dowd wins face-off versus Jeff Skinner in neutral zone.
7:59 of 3rd period - Icing by Noah Dobson.
8:00 of 3rd period - Teddy Blueger wins face-off versus Jesper Bratt in Blues zone.
8:17 of 3rd period - Shot by Jaden Schwartz.
8:17 of 3rd period - Stopped by Tristan Jarry without a rebound.
8:18 of 3rd period - Cole Guttman wins face-off versus Jesper Bratt in Blues zone.
9:24 of 3rd period - Shot by Logan Couture.
9:24 of 3rd period - Shot Misses the Net.
10:17 of 3rd period - Minor Penalty to Alexander Alexeyev for Hooking.
10:18 of 3rd period - Elias Lindholm wins face-off versus Eetu Luostarinen in Blues zone.
10:27 of 3rd period - Shot by Aaron Ekblad.
10:27 of 3rd period - Shot Misses the Net.
10:48 of 3rd period - Tyler Motte is hit by Michael Amadio.
11:16 of 3rd period - Shot by Tyler Toffoli.
11:16 of 3rd period - Shot Blocked by Andrew Cogliano.
12:22 of 3rd period - Off-side.
12:23 of 3rd period - Nic Dowd wins face-off versus Nicholas Paul in neutral zone.
12:25 of 3rd period - Off-side.
12:26 of 3rd period - Nic Dowd wins face-off versus Nicholas Paul in neutral zone.
12:41 of 3rd period - Minor Penalty to Brett Pesce for Roughing.
12:42 of 3rd period - Logan Couture wins face-off versus Elias Lindholm in Stars zone.
12:43 of 3rd period - Shot by Noah Dobson.
12:43 of 3rd period - Shot Misses the Net.
12:45 of 3rd period - Shot by Jake Guentzel.
12:45 of 3rd period - Stopped by Igor Shesterkin without a rebound.
12:46 of 3rd period - Elias Lindholm wins face-off versus Logan Couture in Stars zone.
13:43 of 3rd period - Nicholas Paul is hit by Nic Dowd and loses puck.
13:52 of 3rd period - Shot by Nic Dowd.
13:52 of 3rd period - Deflect By Filip Forsberg.
13:52 of 3rd period - Stopped by Igor Shesterkin with a rebound.
14:10 of 3rd period - Shot by Nic Dowd.
14:10 of 3rd period - Stopped by Igor Shesterkin with a rebound.
14:12 of 3rd period - Shot by Gustav Forsling.
14:12 of 3rd period - Shot Misses the Net.
14:14 of 3rd period - Shot by Nic Dowd.
14:14 of 3rd period - Shot Misses the Net.
14:35 of 3rd period - Off-side.
14:36 of 3rd period - Elias Lindholm wins face-off versus Nic Dowd in neutral zone.
15:08 of 3rd period - Shot by Steven Stamkos.
15:08 of 3rd period - Stopped by Tristan Jarry with a rebound.
15:16 of 3rd period - Shot by Steven Stamkos.
15:16 of 3rd period - Shot Misses the Net.
15:18 of 3rd period - Shot by Mark Friedman.
15:18 of 3rd period - Stopped by Tristan Jarry without a rebound.
15:19 of 3rd period - Tyler Toffoli wins face-off versus Teddy Blueger in Blues zone.
15:35 of 3rd period - Shot by Tyler Toffoli.
15:35 of 3rd period - Shot Misses the Net.
15:37 of 3rd period - Shot by Jaden Schwartz.
15:37 of 3rd period - Stopped by Tristan Jarry with a rebound.
15:40 of 3rd period - Icing by Gustav Forsling.
15:41 of 3rd period - Nicholas Paul wins face-off versus Teddy Blueger in Blues zone.
15:41 of 3rd period - Cam Fowler is hit by Alexander Alexeyev and loses puck.
15:55 of 3rd period - Icing by Gustav Forsling.
15:56 of 3rd period - Teddy Blueger wins face-off versus Elias Lindholm in Blues zone.
16:01 of 3rd period - Shot by Tyler Toffoli.
16:01 of 3rd period - Stopped by Tristan Jarry with a rebound.
18:34 of 3rd period - Shot by Jeff Skinner.
18:34 of 3rd period - Stopped by Tristan Jarry without a rebound.
18:35 of 3rd period - Brandon Hagel wins face-off versus Steven Stamkos in Blues zone.
18:48 of 3rd period - Shot by Andrew Cogliano.
18:48 of 3rd period - Shot Blocked by Dmitry Orlov.
19:17 of 3rd period - Icing by Derek Forbort.
19:18 of 3rd period - Nicholas Paul wins face-off versus Teddy Blueger in Blues zone.
Goals for this period are 1 for Blues vs 0 for Stars.
Shots for this period are 5 for Blues vs 12 for Stars.